 Dungeon Crawl Stone Soup version 0.27-a0-795-ge5c3fa52fd (webtiles) character file.

Game seed: 15518378701032311859

10 EnegeticOcto the Magician (level 2, -11/22 HPs)
             Began as a Djinni Conjurer on Mar 27, 2021.
             Killed by divine providence
             ... invoked by an orc priest
              (14 damage)
             ... on level 2 of the Dungeon.
             The game lasted 00:01:04 (174 turns).

EnegeticOcto the Magician (Djinni Conjurer)          Turns: 174, Time: 00:01:05

Health: -11/22     AC:  3    Str:  6    XL:     2   Next: 20%
Gold:   23         EV: 12    Int: 19    God:
                   SH:  0    Dex: 11

rFire    + + .     SeeInvis .   (no weapon)
rCold    x . .     Faith    .   (no shield)
rNeg     . . .     Spirit   .   a - +1 robe
rPois    ∞         Reflect  .   (no helmet)
rElec    .         Harm     .   (no cloak)
rCorr    .         Rampage  .   (no gloves)
Will     .....                  (boots unavailable)
Stlth    ++........             (no amulet)
HPRegen  0.07/turn              (no ring)
MPRegen  0.00/turn              (no ring)

@: flying
A: fire resistance 2, cold vulnerability 1, float, innate caster, hp casting,
extra vitality 1
a: no special abilities


You were on level 2 of the Dungeon.
You visited 1 branch of the dungeon, and saw 2 of its levels.

You collected 25 gold pieces.
You donated 2 gold pieces to Zin.

Inventory:

Armour
 a - a +1 robe (worn)
Potions
 b - a potion of magic {unknown}


   Skills:
 + Level 1.1 Fighting
 - Level 2.1 Dodging
 - Level 1.5 Stealth
 + Level 3.8 Spellcasting


You couldn't memorise any spells.
You knew the following spells:

 Your Spells              Type           Power      Damage    Failure   Level
a - Magic Dart            Conj           72%        1d6       3%          1
b - Searing Ray           Conj           36%        3d4       4%          2
c - Dazzling Flash        Conj/Hex       36%        N/A       9%          3
d - Fulminant Prism       Conj/Hex       9%         3d7       28%         4
e - Iskenderun's Mystic   Conj/Tloc      18%        2d6       28%         4
Your spell library was empty.

Dungeon Overview and Level Annotations

Branches:
Dungeon (2/15)

Altars:
Zin


Innate Abilities, Weirdness & Mutations

You are immune to poison.
Your flesh is very heat resistant. (rF++)
You are vulnerable to cold. (rC-)
You float through the air rather than walking.
You learn spells naturally, not from books.
Your magical power is your life essence.
You have superior vitality. (+4 HP)


Message History

The magic dart hits the endoplasm.
The endoplasm is moderately wounded.
Casting: Magic Dart (safe; 3% risk of failure)
Confirm with . or Enter, or press ? or * to list all spells.
Aiming: Magic Dart (safe; 3% risk of failure)
Press: ? - help, Shift-Dir - straight line, f/p - endoplasm
Aim: an endoplasm (moderately wounded, 0% to evade)
The magic dart hits the endoplasm.
The endoplasm is severely wounded.
The endoplasm closely misses you.
Casting: Magic Dart (safe; 3% risk of failure)
Confirm with . or Enter, or press ? or * to list all spells.
Aiming: Magic Dart (safe; 3% risk of failure)
Press: ? - help, Shift-Dir - straight line, f/p - endoplasm
Aim: an endoplasm (heavily wounded, 0% to evade)
The magic dart hits the endoplasm but does no damage.
The endoplasm is heavily wounded.
The endoplasm barely misses you.
Casting: Magic Dart (safe; 3% risk of failure)
Confirm with . or Enter, or press ? or * to list all spells.
Aiming: Magic Dart (safe; 3% risk of failure)
Press: ? - help, Shift-Dir - straight line, f/p - endoplasm
Aim: an endoplasm (heavily wounded, 0% to evade)
The magic dart hits the endoplasm.
The endoplasm is severely wounded.
* * * LOW HITPOINT WARNING * * *
The endoplasm barely misses you.
Casting: Magic Dart (safe; 3% risk of failure)
Confirm with . or Enter, or press ? or * to list all spells.
Aiming: Magic Dart (safe; 3% risk of failure)
Press: ? - help, Shift-Dir - straight line, f/p - endoplasm
Aim: an endoplasm (severely wounded, 0% to evade)
The magic dart hits the endoplasm.
You kill the endoplasm!
* * * LOW HITPOINT WARNING * * *
Your Fighting skill increases to level 1!
You have reached level 2!
Okay, then.
Unknown command.
Really renounce your faith, foregoing its fabulous benefits?
Are you sure?
You have lost your religion!
An endoplasm comes into view.
Casting: Magic Dart (safe; 3% risk of failure)
Confirm with . or Enter, or press ? or * to list all spells.
Aiming: Magic Dart (safe; 3% risk of failure)
Press: ? - help, Shift-Dir - straight line, f - endoplasm
Aim: an endoplasm (asleep, 0% to evade)
The magic dart hits the endoplasm.
The endoplasm is almost dead.
The endoplasm quivers.
* * * LOW HITPOINT WARNING * * *
The endoplasm jiggles.
Casting: Magic Dart (safe; 3% risk of failure)
Confirm with . or Enter, or press ? or * to list all spells.
Aiming: Magic Dart (safe; 3% risk of failure)
Press: ? - help, Shift-Dir - straight line, f/p - endoplasm
Aim: an endoplasm (almost dead, 0% to evade)
The magic dart hits the endoplasm.
You kill the endoplasm!
* * * LOW HITPOINT WARNING * * *
Found a blackened book.
Found a mace.
Found a scroll labelled COCLYCZ OZAOP.
You see here the Reference Book on Translocation and Feathers.
A hobgoblin comes into view.
The hobgoblin shouts!
You hear a shout!
An orc priest comes into view. It is wielding a +0 hand axe.
Casting: Magic Dart (safe; 3% risk of failure)
Confirm with . or Enter, or press ? or * to list all spells.
Aiming: Magic Dart (safe; 3% risk of failure)
Press: ? - help, Shift-Dir - straight line, f - hobgoblin
Aim: a hobgoblin (0% to evade)
The magic dart hits the hobgoblin.
The hobgoblin is almost dead.
* * * LOW HITPOINT WARNING * * *
Casting: Magic Dart (safe; 3% risk of failure)
Confirm with . or Enter, or press ? or * to list all spells.
Aiming: Magic Dart (safe; 3% risk of failure)
Press: ? - help, Shift-Dir - straight line, f/p - hobgoblin
Aim: a hobgoblin (almost dead, 0% to evade)
The magic dart hits the hobgoblin.
You kill the hobgoblin!
* * * LOW HITPOINT WARNING * * *
A jackal comes into view.
A frilled lizard comes into view.
You aren't carrying any scrolls.
Unknown command.
An orc wizard comes into view. It is wielding a +0 dagger.
The orc wizard shouts!
The frilled lizard hisses angrily.
You hear a shout!
You hear an angry hiss.
You hear a shout!
The jackal barks!
You hear a shout!
The orc priest shouts!
Things that are here:
8 gold pieces; a scroll labelled COCLYCZ OZAOP; a hobgoblin corpse
As you read the scroll labelled COCLYCZ OZAOP, it crumbles to dust.
It is a scroll of enchant armour.
Your +0 robe glows green for a moment.
The orc priest invokes the aid of Beogh against you.
Beogh smites you!
Ouch! That really hurt!
You die...

#.## ... ..# .l. #h#
#.# .######.####
....o..@...#
....o.#.##.#
#####.#.# #
#.#.##.#######.
#..#:.........
.#####.#.##.####..#
.......#.# # #..#
###...##.# #..#
##.#####..###.####..#
####


You could see an orc priest, an orc wizard, a jackal and a frilled lizard.

Vanquished Creatures
  4 endoplasms
  A hobgoblin (D:2)
  A kobold (D:1)
  A quokka (D:1)
  A rat (D:2)
8 creatures vanquished.

Notes
Turn   | Place    | Note
-------+----------+-------------------------------------------
     0 | D:1      | EnegeticOcto the Djinni Conjurer began the quest for the
                  | Orb.
     0 | D:1      | Reached XP level 1. HP: 15/15 MP: 0/0
   125 | D:2      | Found a faded altar of an unknown god.
   131 | D:2      | Became a worshipper of Zin the Law-Giver
   131 | D:2      | Reached * piety under Zin
   142 | D:2      | Reached skill level 1 in Fighting
   142 | D:2      | Reached XP level 2. HP: 5/22 MP: 0/0
   142 | D:2      | Fell from the grace of Zin
   159 | D:2      | Identified the Reference Book on Translocation and Feathers
   174 | D:2      | Killed from afar by an orc priest

Illustrated notes

Levels and vault maps discovered:
D:1:      dpeg_arrival_yet_another_circle, layout_loops_corners, serial_shops,
          nicolae_shop_stone
D:2:      layout_loops_ring, chequers_ecumenical_altar_simple

Skill      XL: |  1 |
---------------+----+-----
Fighting       | 1 |  1.1
Dodging        | |  2.1
Stealth        | |  1.5
Spellcasting   | |  3.8

Action                   || total
-------------------------++-------
 Cast: Magic Dart        ||    20
Invok: Renounce Religion ||     1
  Use: Scroll            ||     1
Dodge: Dodged            ||     3

Table legend: (Time is in decaauts)
 A = Elapsed time spent in this place.
 B = Non-inter-level travel time spent in this place.
 C = Inter-level travel time spent in this place.
 D = Time resting spent in this place.
 E = Time spent auto-exploring this place.
 F = Levels seen in this place.
 G = Mean time per level.
                   A        B        C        D        E       F      G
               +--------+--------+--------+--------+--------+-----+--------+
         Total |    173 |    168 |      5 |      0 |      0 |   2 |   86.5 |
       Dungeon |    173 |    168 |      5 |      0 |      0 |   2 |   86.5 |
               +--------+--------+--------+--------+--------+-----+--------+

Top non-repeatable levels by time:
     D:1: 91 daAuts
     D:2: 82 daAuts
